 Dungeon Crawl Stone Soup version 0.23.2-1-ga50397a (webtiles) character file.

Game seed: 8699257510240736303

65 Hybris the Sneak (level 3, 0/18 HPs)
             Began as a Spriggan Assassin on May 16, 2019.
             Slain by a kobold (2 damage)
             ... on level 2 of the Dungeon.
             The game lasted 00:04:46 (1419 turns).

Hybris the Sneak (Spriggan Assassin)                Turns: 1419, Time: 00:04:47

Health: 0/18       AC:  3    Str: 12    XL:     3   Next: 94%
Magic:  4/4        EV: 24    Int: 12    God:
Gold:   53         SH:  0    Dex: 23    Spells: 2/2 levels left

rFire    . . .     SeeInvis +   a - +2 dagger
rCold    . . .     Gourm    .   (shield restricted)
rNeg     . . .     Faith    .   c - +0 robe
rPois    .         Spirit   .   (helmet restricted)
rElec    .         Reflect  .   d - +0 cloak
rCorr    .         Harm     .   (gloves unavailable)
MR       .....                  (boots unavailable)
Stlth    +++++.....             (no amulet)
HPRegen  0.06/turn              (no ring)
MPRegen  0.09/turn              (no ring)

@: mighty, agile, lethally poisoned (0 -> -6), very quick
A: very small, unfitting armour, see invisible, herbivore, speed 3, slow
metabolism 2
a: no special abilities


You were on level 2 of the Dungeon.
You were not hungry.

You visited 1 branch of the dungeon, and saw 2 of its levels.

You collected 53 gold pieces.

Inventory:

Hand Weapons
 a - a +2 dagger (weapon)
 b - a +0 blowgun
Missiles
 e - 24 poisoned needles
 f - 2 curare-tipped needles
 k - 14 stones (quivered)
Armour
 c - a +0 robe (worn)
 d - a +0 cloak (worn)
Scrolls
 h - a scroll of enchant weapon {unknown}
 j - 2 scrolls of remove curse {unknown}
 l - a scroll of random uselessness {unknown}
 m - a scroll of immolation {unknown}
 o - a scroll of blinking {unknown}
Comestibles
 g - 4 rations


   Skills:
 - Level 1.5 Fighting
 * Level 3.7 Short Blades
 - Level 2.0 Throwing
 + Level 3.1 Dodging
 + Level 6.5 Stealth


You had 2 spell levels left.
You didn't know any spells.
Your spell library was empty.

Dungeon Overview and Level Annotations

Branches:
Dungeon (2/15)

Altars:
Makhleb


Innate Abilities, Weirdness & Mutations

You are very small and have problems with some larger weapons.
You are too small for most types of armour.
You have supernaturally acute eyesight. (SInv)
You are a herbivore.
You cover ground extremely quickly.
You need to consume almost no food.


Message History

You feel sick.
You closely miss the kobold.
The kobold is severely wounded.
The kobold barely misses you.
You barely miss the kobold.
The kobold is severely wounded.
You feel sick. The kobold hits you.
* * * LOW HITPOINT WARNING * * *
You closely miss the kobold.
The kobold is severely wounded.
The kobold misses you.
It was a potion of agility.
You feel agile all of a sudden.
* * * LOW HITPOINT WARNING * * *
You feel sick. The kobold closely misses you.
It was a potion of might.
You feel very mighty all of a sudden.
* * * LOW HITPOINT WARNING * * *
You feel sick. The kobold hits you.
You die...

## #...##### .# ###.....######
.### #####......# # ...##
###._..#####.# ##..#
#....##....# ##.## ####..#)#
#..# ######## ##...###
####.##.........##..#..)#
#..............K@(...........#
.....##.........##.######.##..#
...................# .#
......#........%.### # ......#
........# ......# ......?
#...............
...##.#......... #### .#....


You could see a kobold.

Vanquished Creatures
  3 adders (D:2)
  An ooze (D:1)
  A worm (D:2)
  2 bats (D:1)
  A giant cockroach (D:1)
  5 goblins
  5 hobgoblins
  4 jackals
  2 frilled lizards (D:2)
  A kobold (D:1)
  6 rats
31 creatures vanquished.

Notes
Turn   | Place    | Note
-------+----------+-------------------------------------------
     0 | D:1      | Hybris the Spriggan Assassin began the quest for the Orb.
     0 | D:1      | Reached XP level 1. HP: 10/10 MP: 2/2
     2 | D:1      | Noticed a felid
     4 | D:1      | Noticed a ghoul
     6 | D:1      | Noticed a spriggan
     6 | D:1      | Noticed an octopode
     8 | D:1      | Noticed a troll
     8 | D:1      | Noticed a tengu
    10 | D:1      | Noticed a demonspawn
    10 | D:1      | Noticed a dwarf
    12 | D:1      | Noticed a draconian
    12 | D:1      | Noticed a vampire
    14 | D:1      | Noticed a halfling
    16 | D:1      | Noticed a gargoyle
    18 | D:1      | Noticed a minotaur
    18 | D:1      | Noticed an elf
    21 | D:1      | Noticed an ogre
    21 | D:1      | Noticed a naga
    23 | D:1      | Noticed a demigod
    23 | D:1      | Noticed a formicid
    25 | D:1      | Noticed a vine stalker
    25 | D:1      | Noticed a centaur
    27 | D:1      | Noticed a human
    27 | D:1      | Noticed a merfolk
   212 | D:1      | Reached skill level 6 in Stealth
   334 | D:1      | Reached XP level 2. HP: 14/14 MP: 3/3
   842 | D:2      | Reached XP level 3. HP: 18/18 MP: 4/4
  1071 | D:2      | Found a faded altar of an unknown god.
  1358 | D:2      | Found a burning altar of Makhleb.
  1419 | D:2      | Slain by a kobold

Skill      XL: |  1  2  3 |
---------------+----------+-----
Stealth        | 6 |  6.5
Dodging        | 2 3 |  3.1
Short Blades   | 3 |  3.7
Fighting       | |  1.5
Throwing       | |  2.0

Action                   || total
-------------------------++-------
Melee: Dagger            ||   113
  Use: Potion            ||     2
 Stab: Sleeping          ||     9
Armor: Robe              ||    12
Dodge: Dodged            ||    83
